 Dungeon Crawl Stone Soup version 0.32-a0-705-g60f233581c (webtiles) character file.

Game seed: 6551196391003705518

689 BeKind the Sneak (level 7, -2/35 HPs)
             Began as a Spriggan Air Elementalist on Mar 15, 2024.
             Was a Follower of Trog.
             Slain by a sleepcap (7 damage)
             ... on level 5 of the Dungeon.
             The game lasted 00:07:03 (2771 turns).

BeKind the Sneak (Spriggan Air Elementalist)        Turns: 2771, Time: 00:07:03

Health: -2/35      AC:  6    Str:  4    XL:     7   Next: 36%
Magic:  14/14      EV: 24    Int: 17    God:    Trog [*.....]
Gold:   169        SH:  0    Dex: 21    Spells: 9/14 levels left

rFire   . . .        c - +4 dagger (venom)
rCold   . . .        (no shield)
rNeg    . . .        a - +0 robe
rPois   .            (helmet restricted)
rElec   +            w - scarf "Poyhuupera" {shadows, -Cast rElec Will+ Dex+4 SInv}
rCorr   .            (gloves unavailable)
SInv    +            (boots unavailable)
Will    ++...        j - amulet of magic regeneration
Stlth   ++++         d - +4 ring of protection
HPRegen 0.25/turn    t - +5 ring of evasion
MPRegen 0.54/turn

%: no spellcasting
@: very quick
A: very small, no large weapons, unfitting armour, see invisible, speed 3
a: Renounce Religion, Berserk


You were on level 5 of the Dungeon.
You worshipped Trog.
Trog was aware of your devotion.
You visited 1 branch of the dungeon, and saw 5 of its levels.

You collected 169 gold pieces.

Inventory:

Hand Weapons
 c - a +4 dagger of venom (weapon)
 y - a +0 shortbow
Armour
 a - a +0 robe (worn)
 w - the scarf "Poyhuupera" (worn) {shadows, -Cast rElec Will+ Dex+4 SInv}
   (You found it on level 3 of the Dungeon)

   Dex+4:     It affects your dexterity (+4).
   rElec:     It insulates you from electricity.
   Will+:     It increases your willpower.
   SInv:      It lets you see invisible.
   -Cast:     It prevents spellcasting.
Jewellery
 d - a +4 ring of protection (left hand)
 e - an amulet of faith
 j - an amulet of magic regeneration (around neck)
 n - a ring of protection from cold
 t - a +5 ring of evasion (right hand)
 A - a ring of positive energy
Wands
 v - a wand of polymorph (8)
Scrolls
 g - 4 scrolls of fear {unknown}
 h - 2 scrolls of identify {unknown}
 i - 3 scrolls of teleportation {unknown}
 k - 2 scrolls of vulnerability {unknown}
 o - a scroll of enchant weapon {unknown}
 r - a scroll of torment {unknown}
 s - a scroll of amnesia {unknown}
 x - a scroll of enchant armour {unknown}
Potions
 b - a potion of magic
 f - 2 potions of enlightenment {unknown}
 l - a potion of resistance {unknown}
 m - 2 potions of might {unknown}
 p - a potion of degeneration {unknown}
 q - a potion of heal wounds {unknown}
 u - a potion of lignification {unknown}
 z - a potion of curing {unknown}


   Skills:
 * Level 2.2 Fighting
 * Level 2.8 Ranged Weapons
 + Level 5.1 Dodging
 + Level 6.2 Stealth
 - Level 4.2 Spellcasting
 - Level 1.0 Conjurations
 - Level 3.1 Translocations
 - Level 3.7 Air Magic


You had 9 spell levels left.
You knew the following spells:

 Your Spells              Type           Power      Damage    Failure   Level
a - Shock                 Conj/Air       44%        1d5       6%          1
b - Momentum Strike       Conj/Tloc      20%        3d8       10%         2
c - Blink                 Tloc           28%        N/A       7%          2

Your spell library contained the following spells:

 Spells                   Type           Power      Damage    Failure   Level
 Lesser Beckoning         Tloc           28%        N/A       7%          2
 Static Discharge         Conj/Air       22%        3-4/arc   9%          2
 Swiftness                Air            16%        N/A       10%         3
 Necrotise                Necr           12%        1d4       16%         1
 Airstrike                Air            8%         2d(2-18)  32%         4


Dungeon Overview and Level Annotations

Branches:
Dungeon (5/15)             Temple (0/1) D:4

Altars:
Ashenzari
Makhleb
Qazlal
Trog

Shops:
D:1 *   D:2 [   D:4 **

Annotations:
D:2 Sigmund


Innate Abilities, Weirdness & Mutations

You are very small and have problems with some larger weapons.
You are too small for most types of armour.
You have supernaturally acute eyesight. (SInv)
You cover ground extremely quickly. (Speed+++)


Message History

The orc priest completely misses you.
You hit the orc priest.
The orc priest is poisoned.
The orc priest is lightly wounded.
The orc priest closely misses you.
You closely miss the orc priest.
The orc priest is lightly wounded.
The orc priest hits you with a +1 short sword of protection.
* * * LOW HITPOINT WARNING * * *
You hit the orc priest but do no damage.
The orc priest looks as sick as possible!
The orc priest is lightly wounded.
The sleepcap misses you. The orc priest barely misses you.
You hit the orc priest but do no damage.
The orc priest looks as sick as possible!
The orc priest is lightly wounded.
The sleepcap closely misses you.
The orc priest invokes the aid of Beogh against you.
You resist with almost no effort.
You hit the orc priest.
The orc priest looks as sick as possible!
The orc priest is heavily wounded.
The sleepcap completely misses you.
The orc priest hits you with a +1 short sword of protection.
* * * LOW HITPOINT WARNING * * *
You hit the orc priest but do no damage.
The orc priest looks as sick as possible!
The orc priest is almost dead.
The sleepcap releases spores at you but does no damage.
The orc priest completely misses you.
You hit the orc priest.
You kill the orc priest!
Trog accepts your kill. The sleepcap barely misses you.
The adder completely misses you.
You hit the adder.
The adder is moderately wounded.
The sleepcap completely misses you. The adder closely misses you.
You closely miss the adder.
The adder is moderately wounded.
The adder closely misses you. The sleepcap releases spores at you!
You die...

#.♣ .. ## . .# . #
.##.#. ##.#.
##....##.... #..
♣f#S.♣ #.♣♣.@#.♣♣
#....##.. #..#.##..#
# #..##.#..##.#
##....##....
#..♣♣.#..♣♣
♣..#.♣♣..#.♣♣.. ..
#....##....## . ## #
##..#.##..#.##..#.##.
# #


You could see a sleepcap and an adder.

Vanquished Creatures
  Eustachio (D:5)
  An ogre (D:4)
  A centaur (D:4)
  A scorpion (D:4)
  A crimson imp (D:5)
  A bombardier beetle (D:4)
  3 orc priests
  An orc wizard (D:3)
  3 gnolls (D:4)
  3 adders (D:4)
  3 dart slugs
  A ribbon worm (D:3)
  11 orcs
  4 ball pythons
  6 endoplasms
  4 giant cockroaches
  9 goblins
  5 hobgoblins
  4 quokkas
  3 bats (D:1)
  A frilled lizard (D:3)
  4 kobolds
  6 rats
77 creatures vanquished.

Vanquished Creatures (others)
  An arcanist (D:4)
1 creature vanquished.

Grand Total: 78 creatures vanquished

Notes
Turn   | Place    | Note
-------+----------+-------------------------------------------
     0 | D:1      | BeKind the Spriggan Air Elementalist began the quest for
                  | the Orb.
     0 | D:1      | Reached XP level 1. HP: 9/9 MP: 5/5
   257 | D:1      | Reached XP level 2. HP: 13/13 MP: 3/6
   300 | D:1      | Found Kuugi Dat's Assorted Antiques.
   349 | D:1      | Reached skill level 1 in Conjurations
   987 | D:2      | Reached XP level 3. HP: 16/16 MP: 6/8
   996 | D:2      | Found Eryq's Antique Armour Shoppe.
  1094 | D:2      | Noticed Sigmund
  1139 | D:3      | Found a stormy altar of Qazlal.
  1160 | D:3      | Learned a level 2 spell: Momentum Strike
  1306 | D:3      | Identified the +0 pair of boots of the Moon {rPois rF- rC+
                  | Int+5}
  1322 | D:3      | Found a broken altar of Ashenzari.
  1411 | D:3      | Reached skill level 4 in Stealth
  1411 | D:3      | Reached skill level 1 in Translocations
  1411 | D:3      | Reached XP level 4. HP: 21/21 MP: 6/10
  1437 | D:3      | Identified the scarf "Poyhuupera" {shadows, -Cast rElec
                  | Will+ Dex+4 SInv}
  1510 | D:3      | Found a faded altar of an unknown god.
  1518 | D:3      | Got Plato's Cyclopedia of Gloom
  1672 | D:4      | Noticed a centaur
  1672 | D:4      | Noticed an ogre
  1672 | D:4      | Found a staircase to the Ecumenical Temple.
  1754 | D:4      | Noticed a scorpion
  1764 | D:4      | Killed a scorpion
  1765 | D:4      | Reached XP level 5. HP: 24/24 MP: 11/11
  1773 | D:4      | Learned a level 2 spell: Blink
  1827 | D:4      | Killed a centaur
  1828 | D:4      | Reached skill level 5 in Stealth
  1888 | D:4      | Reached XP level 6. HP: 4/28 MP: 13/13
  2026 | D:4      | Found a bloodstained altar of Trog.
  2030 | D:4      | Noticed a wizard
  2034 | D:4      | Became a worshipper of Trog the Wrathful
  2035 | D:4      | Killed a wizard
  2105 | D:4      | Found Foerur's Specific Store.
  2107 | D:4      | Found Huqast's General Store.
  2178 | D:4      | Reached skill level 1 in Ranged Weapons
  2316 | D:4      | Reached skill level 1 in Fighting
  2431 | D:5      | Entered Level 5 of the Dungeon
  2579 | D:5      | Found a burning altar of Makhleb.
  2615 | D:5      | Noticed Eustachio
  2640 | D:5      | Killed Eustachio
  2640 | D:5      | Reached * piety under Trog
  2641 | D:5      | Reached skill level 5 in Dodging
  2641 | D:5      | Reached skill level 6 in Stealth
  2641 | D:5      | Reached XP level 7. HP: 24/34 MP: 14/14
  2771 | D:5      | Slain by a sleepcap

Illustrated notes

Levels and vault maps discovered:
D:1:      minmay_arrival_plants_in_alcoves, layout_loops_ring, serial_shops,
          nicolae_shop_trees
D:2:      layout_rooms, serial_shops, shop, uniq_sigmund
D:3:      layout_basic, lemuel_doored_altar, nicolae_qazlal_scattered_showers,
          shapermc_ecumenical_altar_rom_forum
D:4:      layout_rooms, trog_wizard, minmay_temple_entry_proselytizer,
          nicolae_specific_store
D:5:      layout_loops_ring, mainiacjoe_overflow_tiny_flanked,
          makhleb_grotto_becter, nicolae_eternal_life, uniq_eustachio

Skill      XL: |  1  2  3  4  5  6  7 |
---------------+----------------------+-----
Dodging        | 3 4 5 |  5.1
Spellcasting   | 3 4 |  4.2
Conjurations   | 1 |  1.0
Air Magic      | 3 |  3.7
Stealth        | 4 5 6 |  6.2
Translocations | 1 2 3 |  3.1
Ranged Weapons | 2 |  2.8
Fighting       | 1 2 |  2.2

Action                     |  1- 3 |  4- 6 |  7- 9 || total
---------------------------+-------+-------+-------++-------
  Melee: Unarmed           |    10 |       |       ||    10
         Dagger            |    17 |    60 |    18 ||    95
   Fire: Shortbow          |       |    78 |       ||    78
   Cast: Shock             |    70 |     3 |       ||    73
   Stab: Sleeping          |     2 |     4 |     1 ||     7
 Armour: Robe              |    11 |    37 |     5 ||    53
  Dodge: Dodged            |    32 |   124 |    13 ||   169

Table legend: (Time is in decaauts)
 A = Elapsed time spent in this place.
 B = Non-inter-level travel time spent in this place.
 C = Inter-level travel time spent in this place.
 D = Time resting spent in this place.
 E = Time spent auto-exploring this place.
 F = Levels seen in this place.
 G = Mean time per level.
                   A        B        C        D        E       F      G
               +--------+--------+--------+--------+--------+-----+--------+
         Total |   2060 |   1963 |     97 |      0 |   1497 |   5 |  412.0 |
       Dungeon |   2060 |   1963 |     97 |      0 |   1497 |   5 |  412.0 |
               +--------+--------+--------+--------+--------+-----+--------+

Top non-repeatable levels by time:
     D:1: 711 daAuts
     D:4: 546 daAuts
     D:3: 402 daAuts
     D:5: 266 daAuts
     D:2: 134 daAuts
